 Dungeon Crawl Stone Soup version 0.31-a0-219-g8d62b2e7bb (webtiles) character file.

Game seed: 2415979476035085179

9665 qw the Cleaver (level 11, -6/71 HPs)
             Began as a Gargoyle Fighter on July 3, 2023.
             Was a Priest of Okawaru.
             Mangled by Snorg (15 damage)
             ... on level 10 of the Dungeon.
             The game lasted 00:04:53 (9935 turns).

qw the Cleaver (Gargoyle Fighter)                   Turns: 9935, Time: 00:04:53

Health: -6/71      AC: 24    Str: 24    XL:     11   Next: 50%
Magic:  15/16      EV: 12    Int:  9    God:    Okawaru [***...]
Gold:   570        SH:  7    Dex: 15    Spells: 10/10 levels left

rFire   . . .        Y - +3 war axe
rCold   . . .        c - +0 buckler
rNeg    + . .        j - +0 chain mail
rPois   inf          g - +0 helmet
rElec   +            k - +1 cloak
rCorr   .            (no gloves)
SInv    .            (no boots)
Will    .....        (no amulet) Stlth
                     i - +6 ring of dexterity
HPRegen 0.31/turn    (no ring)
MPRegen 0.15/turn

%: no passive effects
@: heroic
A: sickness immunity, AC +8, negative energy resistance 1, electricity
resistance, torment resistance 1, petrification resistance
a: Renounce Religion, Heroism


You were on level 10 of the Dungeon.
You worshipped Okawaru.
Okawaru was most pleased with you.
You visited 2 branches of the dungeon, and saw 11 of its levels.

You collected 570 gold pieces.


Innate Abilities, Weirdness & Mutations

You are immune to sickness and miasma.
Your stone body is resilient. (AC +8)
You are immune to poison.
You resist negative energy. (rN+)
You are resistant to electric shocks. (rElec)
You are resistant to unholy torment.
You are immune to petrification.


   Skills:
 - Level 9.0(14.0) Fighting
 + Level 11.6(16.6) Axes
 - Level 3.1(8.1) Throwing
 - Level 6.0(11.0) Armour
 - Level 3.1(8.1) Dodging
 - Level 5.0(10.0) Shields
 - Level 6.7 Invocations


You had 10 spell levels left.
You didn't know any spells.
Your spell library was empty.

Inventory:

Hand Weapons
 m - a +3 flail of holy wrath
 Y - a +3 war axe (weapon)
Missiles
 n - a silver boomerang
 p - 3 boomerangs
 s - 5 javelins (quivered)
Armour
 c - a +0 buckler (worn)
 g - a +0 helmet (worn)
 j - a +0 chain mail (worn)
 k - a +1 cloak (worn)
 q - a scarf of harm
 r - a +0 pair of gloves
Jewellery
 i - a +6 ring of dexterity (left hand)
Scrolls
 f - a scroll of identify
Potions
 a - a potion of lignification
 b - 4 potions of attraction
 d - 2 potions of might
 e - a potion of mutation
 h - a potion of curing
 l - a potion of enlightenment
 o - a potion of magic

Dungeon Overview and Level Annotations

Branches:
Dungeon (10/15)            Temple (1/1) D:5
   Lair: D:8-11         Orc: D:9-12

Altars:
Ashenzari
Cheibriados
Dithmenos
Elyvilon
Fedhas
Gozag
Hepliaklqana
Kikubaaqudgha
Makhleb
Nemelex Xobeh
Okawaru
Qazlal
Ru
Sif Muna
Trog
Uskayaw
Vehumet
Wu Jian
Xom
Yredelemnul
Zin
The Shining One

Shops:
D:1 (

Annotations:
D:10 Snorg


Message History

Snorg is lightly wounded.
You block Snorg's attack. Snorg barely misses you.
Snorg claws you but does no damage.
You slash Snorg!
Snorg is lightly wounded.
You block Snorg's attack. Snorg claws you but does no damage.
Snorg closely misses you.
You completely miss Snorg.
Snorg is lightly wounded.
You block Snorg's attack. Snorg claws you. You block Snorg's attack.
You hit Snorg.
Snorg is lightly wounded.
Snorg bites you but does no damage. You block Snorg's attack.
Snorg claws you but does no damage.
You slice Snorg!!
Snorg is moderately wounded.
Snorg bites you! You block Snorg's attack. Snorg claws you but does no damage.
Snorg bites you! Snorg barely misses you. Snorg claws you but does no damage.
You barely miss Snorg.
Snorg is moderately wounded.
You block Snorg's attack. Snorg barely misses you. You block Snorg's attack.
You closely miss Snorg.
Snorg is moderately wounded.
Snorg bites you! Snorg claws you but does no damage. x2
You completely miss Snorg.
Snorg is moderately wounded.
You block Snorg's attack. x2; Snorg barely misses you.
You slash Snorg!
Snorg is moderately wounded.
Snorg bites you! Snorg barely misses you. Snorg closely misses you.
You slash Snorg!
Snorg is heavily wounded.
Snorg bites you. You block Snorg's attack. Snorg claws you.
You hit Snorg.
Snorg is heavily wounded.
You block Snorg's attack. Snorg claws you! You block Snorg's attack.
You completely miss Snorg.
Snorg is heavily wounded.
Snorg bites you!
You die...

#...........................
#...................####'#..
#...................#....#..
######.......))######....#....#..
....?.........)#(...#....#....#..
..............)#... #....#....#..
......#######..#.. #....#....#..
.)....#.....#..#T####....##+#.#..
.)....#.....#...@.........).###..
##....#.....#..............).))..
#....#.....'........##########..
+....###'###........# #..
#...)>..............# #..
###.........[.......# #..
#.................##########..
#.............................
#.............................


You could see Snorg (berserk).

Vanquished Creatures
  A centaur warrior (D:9)
  A two-headed ogre (D:9)
  A swamp dragon (shapeshifter) (D:9)
  Pikel (D:6)
  Maurice (D:9)
  3 trolls (D:9)
  2 hornets (D:9)
  3 wyverns
  9 yaks (D:9)
  A steam dragon (D:7)
  Menkaure (D:4)
  Edmund (D:6)
  An acid dragon (D:10)
  4 orc warriors
  5 sky beasts
  An ice beast (D:7)
  2 ogres (D:6)
  4 centaurs
  2 lemures (D:6)
  A phantom (D:5)
  3 kobold brigands (D:9)
  2 bullfrogs (D:9)
  2 gnoll sergeants
  2 scorpions
  7 wights
  8 killer bees
  7 howler monkeys
  2 jellies (D:6)
  A gnoll bouda (D:6)
  5 orc priests
  3 hounds
  3 iguanas
  8 orc wizards
  A hound zombie (D:3)
  17 gnolls
  3 adders
  A shadow imp (D:7)
  A white imp (D:7)
  2 ufetubi (D:5)
  2 adder zombies (D:3)
  An adder skeleton (D:3)
  2 worms (D:2)
  3 dart slugs
  30 orcs
  3 bats
  6 endoplasms
  A giant cockroach (D:2)
  5 goblins
  4 hobgoblins
  2 quokkas
  5 ball pythons
  2 frilled lizards
  10 kobolds
  2 quokka skeletons (D:3)
  5 rats
206 creatures vanquished.

Notes
Turn   | Place    | Note
-------+----------+-------------------------------------------
     0 | D:1      | qw the Gargoyle Fighter began the quest for the Orb.
     0 | D:1      | Reached XP level 1. HP: 14/14 MP: 1/1
     0 | D:1      | 0 ||| qw: Version: 0.3-a-40-ge99b1a8
     0 | D:1      | 0 ||| qw: Game counter: 325
     0 | D:1      | 0 ||| qw: Melee chars always use a shield: true
     0 | D:1      | 0 ||| qw: God list: Okawaru
     0 | D:1      | 0 ||| qw: Allow faded altars: false
     0 | D:1      | 0 ||| qw: Do Orc after clearing Dungeon:15 true
     0 | D:1      | 0 ||| qw: Do second Lair branch before Depths: true
     0 | D:1      | 0 ||| qw: Lair rune preference: random
     0 | D:1      | 0 ||| qw: Goals: Normal, Zot:1-4, Slime:5, God:TSO, Crypt,
                  | Tomb, Abyss, Pan, Hells, Win
     0 | D:1      | 0 ||| PLANNING D:1-11
    67 | D:1      | Reached skill level 2 in Axes
    72 | D:1      | Found Bicimaat's Antique Weapon Emporium.
   413 | D:1      | Reached XP level 2. HP: 17/19 MP: 2/2
   547 | D:1      | 547 ||| Stepping ~*~*~tactically~*~*~ (hiding).
   798 | D:1      | 798 ||| UPGRADING to +1 cloak.
   803 | D:1      | 803 ||| READING scroll labelled HEDIAN MENARCHIMIX.
   804 | D:1      | 804 ||| READING scroll labelled FUXKEA UTAOL.
   805 | D:1      | 805 ||| READING scroll labelled LYXZANAITA.
   806 | D:1      | 806 ||| READING scroll labelled PEYFIAGAIF.
   807 | D:1      | 807 ||| READING scroll labelled ZUGAVIRCHIR.
   808 | D:1      | 808 ||| READING scroll labelled IKUOZUIRRE.
   915 | D:2      | Reached skill level 3 in Axes
   915 | D:2      | Reached XP level 3. HP: 22/23 MP: 3/3
   930 | D:2      | 930 ||| Stepping ~*~*~tactically~*~*~ (stealth).
   934 | D:2      | 934 ||| Stepping ~*~*~tactically~*~*~ (stealth).
  1519 | D:2      | 1519 ||| READING scroll labelled JUSHOOMIATS.
  1725 | D:3      | 1725 ||| Stepping ~*~*~tactically~*~*~ (hiding).
  1740 | D:3      | 1740 ||| FLEEEEING.
  1741 | D:3      | 1741 ||| FLEEEEING.
  1742 | D:3      | 1742 ||| FLEEEEING.
  1743 | D:3      | 1743 ||| FLEEEEING.
  1744 | D:3      | 1744 ||| FLEEEEING.
  1745 | D:3      | 1745 ||| FLEEEEING.
  1758 | D:3      | 1758 ||| FLEEEEING.
  1759 | D:3      | 1759 ||| FLEEEEING.
  1779 | D:3      | Reached skill level 4 in Axes
  1779 | D:3      | Reached XP level 4. HP: 9/28 MP: 4/4
  1779 | D:3      | 1779 ||| FLEEEEING.
  1780 | D:3      | 1780 ||| FLEEEEING.
  1781 | D:3      | 1781 ||| FLEEEEING.
  1781 | D:3      | HP: 4/28 [something/magic dart (4)]
  1782 | D:3      | 1782 ||| FLEEEEING.
  1783 | D:3      | 1783 ||| STAIRDANCE
  1878 | D:2      | 1878 ||| READING scroll labelled AVVOANW YNAN.
  1882 | D:3      | 1882 ||| STAIRDANCE
  1888 | D:2      | HP: 7/28 [orc/+0 club (1)]
  1895 | D:2      | HP: 5/28 [something (4)]
  2069 | D:3      | 2069 ||| Stepping ~*~*~tactically~*~*~ (stealth).
  2070 | D:3      | 2070 ||| Stepping ~*~*~tactically~*~*~ (stealth).
  2072 | D:3      | 2072 ||| Stepping ~*~*~tactically~*~*~ (stealth).
  2073 | D:3      | 2073 ||| Stepping ~*~*~tactically~*~*~ (stealth).
  2105 | D:3      | 2105 ||| READING scroll of enchant weapon.
  2105 | D:3      | 2105 ||| ENCHANTING +1 war axe.
  2124 | D:3      | 2124 ||| Stepping ~*~*~tactically~*~*~ (hiding).
  2125 | D:3      | 2125 ||| Stepping ~*~*~tactically~*~*~ (hiding).
  2324 | D:3      | 2324 ||| Stepping ~*~*~tactically~*~*~ (stealth).
  2334 | D:3      | Reached XP level 5. HP: 32/32 MP: 5/5
  2352 | D:3      | Identified the +4 spear "Raodoi Hosta" {venom, Fragile
                  | Str+2 Int+3 Stlth+}
  2391 | D:3      | 2391 ||| READING scroll of enchant weapon.
  2391 | D:3      | 2391 ||| ENCHANTING +2 war axe.
  2554 | D:3      | 2554 ||| Stepping ~*~*~tactically~*~*~ (stealth).
  2615 | D:3      | 2615 ||| UPGRADING to +0 helmet.
  2620 | D:3      | 2620 ||| UPGRADING to +0 chain mail.
  2630 | D:3      | 2630 ||| DROPPING +0 scale mail.
  2631 | D:3      | 2631 ||| READING scroll labelled BONOVI YXKEOKO.
  2742 | D:4      | Reached skill level 5 in Axes
  3018 | D:4      | Reached XP level 6. HP: 36/38 MP: 6/6
  3033 | D:4      | 3033 ||| Stepping ~*~*~tactically~*~*~ (stealth).
  3072 | D:4      | Noticed Menkaure
  3073 | D:4      | 3073 ||| Stepping ~*~*~tactically~*~*~ (hiding).
  3082 | D:4      | Killed Menkaure
  3083 | D:4      | Reached skill level 6 in Axes
  3176 | D:4      | Reached skill level 1 in Dodging
  3176 | D:4      | Reached XP level 7. HP: 43/43 MP: 7/7
  3203 | D:4      | 3203 ||| Stepping ~*~*~tactically~*~*~ (hiding).
  3523 | D:4      | 3523 ||| READING scroll labelled OKHENI PONIM.
  3624 | D:4      | 3624 ||| DRINKING 2 smoky brown potions.
  3625 | D:4      | 3625 ||| DROPPING potion of degeneration.
  3656 | D:5      | Entered Level 5 of the Dungeon
  3853 | D:5      | 3853 ||| FLEEEEING.
  3956 | D:5      | 3956 ||| Stepping ~*~*~tactically~*~*~ (hiding).
  3957 | D:5      | 3957 ||| Stepping ~*~*~tactically~*~*~ (hiding).
  3966 | D:5      | Reached skill level 7 in Axes
  4131 | D:5      | Found a staircase to the Ecumenical Temple.
  4132 | D:5      | 4132 ||| PLANNING TEMPLE
  4137 | D:5      | 4137 ||| READING 3 scrolls labelled SEMO UWNAF.
  4138 | D:5      | 4138 ||| DRINKING 2 emerald potions.
  4185 | D:5      | 4185 ||| READING 2 scrolls of identify.
  4185 | D:5      | 4185 ||| IDENTIFYING bubbling dark potion
  4186 | D:5      | 4186 ||| DROPPING 2 scrolls of immolation.
  4195 | Temple   | Entered the Ecumenical Temple
  4253 | Temple   | 4253 ||| PLANNING OKAWARU WORSHIP
  4489 | Temple   | Became a worshipper of Warmaster Okawaru
  4490 | Temple   | 4490 ||| PLANNING D:1-11
  4837 | D:5      | 4837 ||| READING 2 scrolls of identify.
  4837 | D:5      | 4837 ||| IDENTIFYING silvery potion
  4962 | D:6      | Reached XP level 8. HP: 49/49 MP: 8/8
  5244 | D:6      | Found an ancient bone altar of Kikubaaqudgha.
  5245 | D:6      | Found a burning altar of Makhleb.
  5363 | D:6      | Noticed Pikel
  5377 | D:6      | Killed Pikel
  5377 | D:6      | Reached * piety under Okawaru
  5378 | D:6      | Reached skill level 9 in Axes
  5420 | D:6      | 5420 ||| INVOKING Heroism.
  5498 | D:6      | 5498 ||| INVOKING Heroism.
  5503 | D:6      | Reached skill level 1 in Invocations
  5612 | D:6      | Reached XP level 9. HP: 49/54 MP: 10/10
  5690 | D:6      | Reached skill level 3 in Invocations
  5760 | D:6      | Noticed Edmund
  5761 | D:6      | 5761 ||| INVOKING Heroism.
  5772 | D:6      | Killed Edmund
  5782 | D:6      | 5782 ||| DROPPING +0 flail.
  5961 | D:6      | Found a snail-covered altar of Cheibriados.
  5999 | D:6      | 5999 ||| READING scroll labelled WEODANY SIENOA.
  6042 | D:7      | 6042 ||| Stepping ~*~*~tactically~*~*~ (stealth).
  6073 | D:7      | Found a hazy altar of Hepliaklqana.
  6120 | D:7      | Reached skill level 6 in Fighting
  6126 | D:7      | 6126 ||| Stepping ~*~*~tactically~*~*~ (stealth).
  6214 | D:7      | Reached ** piety under Okawaru
  6219 | D:7      | 6219 ||| Stepping ~*~*~tactically~*~*~ (hiding).
  6220 | D:7      | 6220 ||| Stepping ~*~*~tactically~*~*~ (hiding).
  6222 | D:7      | 6222 ||| Stepping ~*~*~tactically~*~*~ (hiding).
  6223 | D:7      | 6223 ||| Stepping ~*~*~tactically~*~*~ (hiding).
  6224 | D:7      | 6224 ||| Stepping ~*~*~tactically~*~*~ (hiding).
  6225 | D:7      | 6225 ||| Stepping ~*~*~tactically~*~*~ (hiding).
  6349 | D:7      | Found a bloodstained altar of Trog.
  6537 | D:7      | Reached skill level 1 in Throwing
  6664 | D:7      | 6664 ||| Stepping ~*~*~tactically~*~*~ (cloud).
  6666 | D:7      | 6666 ||| INVOKING Heroism.
  6812 | D:7      | 6812 ||| UPGRADING to +6 ring of dexterity.
  6813 | D:7      | 6813 ||| READING 2 scrolls labelled BAT IRUNENLAEVUD.
  6817 | D:7      | 6817 ||| DRINKING 4 murky pink potions.
  6887 | D:8      | 6887 ||| Stepping ~*~*~tactically~*~*~ (stealth).
  6910 | D:8      | 6910 ||| Stepping ~*~*~tactically~*~*~ (stealth).
  6916 | D:8      | 6916 ||| Stepping ~*~*~tactically~*~*~ (stealth).
  6919 | D:8      | 6919 ||| Stepping ~*~*~tactically~*~*~ (stealth).
  6920 | D:8      | 6920 ||| Stepping ~*~*~tactically~*~*~ (stealth).
  6921 | D:8      | 6921 ||| Stepping ~*~*~tactically~*~*~ (stealth).
  6922 | D:8      | 6922 ||| Stepping ~*~*~tactically~*~*~ (stealth).
  6995 | D:8      | 6995 ||| Stepping ~*~*~tactically~*~*~ (hiding).
  6999 | D:8      | 6999 ||| INVOKING Heroism.
  7005 | D:8      | HP: 9/56 [wyvern (11)]
  7006 | D:8      | 7006 ||| READING scroll of teleportation.
  7007 | D:8      | 7007 ||| DRINKING potion of heal wounds.
  7206 | D:8      | 7206 ||| INVOKING Heroism.
  7306 | D:8      | Reached XP level 10. HP: 60/63 MP: 13/13
  7554 | D:8      | 7554 ||| READING 2 scrolls labelled IGHONW TUAXUR.
  7555 | D:8      | 7555 ||| READING 3 scrolls of identify.
  7555 | D:8      | 7555 ||| IDENTIFYING puce potion
  7556 | D:8      | 7556 ||| DROPPING scroll of vulnerability.
  7580 | D:9      | Reached skill level 10 in Axes
  7581 | D:9      | 7581 ||| INVOKING Heroism.
  7584 | D:9      | Reached *** piety under Okawaru
  7592 | D:9      | 7592 ||| FLEEEEING.
  7593 | D:9      | 7593 ||| FLEEEEING.
  7594 | D:9      | 7594 ||| STAIRDANCE
  7756 | D:9      | Reached skill level 3 in Throwing
  7818 | D:9      | 7818 ||| Stepping ~*~*~tactically~*~*~ (hiding).
  7823 | D:9      | 7823 ||| INVOKING Heroism.
  7825 | D:9      | 7825 ||| Stepping ~*~*~tactically~*~*~ (hiding).
  7945 | D:9      | Noticed a two-headed ogre
  7946 | D:9      | 7946 ||| INVOKING Heroism.
  7955 | D:9      | Killed a two-headed ogre
  8014 | D:9      | Noticed Maurice
  8015 | D:9      | 8015 ||| Stepping ~*~*~tactically~*~*~ (hiding).
  8020 | D:9      | 8020 ||| INVOKING Heroism.
  8032 | D:9      | Killed Maurice
  8033 | D:9      | Reached skill level 11 in Axes
  8083 | D:9      | Reached **** piety under Okawaru
  8223 | D:9      | 8223 ||| Stepping ~*~*~tactically~*~*~ (stealth).
  8227 | D:9      | 8227 ||| Stepping ~*~*~tactically~*~*~ (hiding).
  8237 | D:9      | Reached skill level 6 in Armour
  8322 | D:9      | Reached XP level 11. HP: 65/68 MP: 14/14
  8331 | D:9      | 8331 ||| INVOKING Heroism.
  8336 | D:9      | Reached skill level 3 in Dodging
  8338 | D:9      | 8338 ||| Stepping ~*~*~tactically~*~*~ (stealth).
  8340 | D:9      | 8340 ||| Stepping ~*~*~tactically~*~*~ (stealth).
  8379 | D:9      | 8379 ||| FLEEEEING.
  8380 | D:9      | 8380 ||| FLEEEEING.
  8381 | D:9      | 8381 ||| FLEEEEING.
  8382 | D:9      | 8382 ||| FLEEEEING.
  8384 | D:9      | 8384 ||| FLEEEEING.
  8389 | D:9      | 8389 ||| FLEEEEING.
  8391 | D:9      | 8391 ||| FLEEEEING.
  8392 | D:9      | 8392 ||| FLEEEEING.
  8393 | D:9      | 8393 ||| FLEEEEING.
  8394 | D:9      | 8394 ||| FLEEEEING.
  8395 | D:9      | 8395 ||| FLEEEEING.
  8408 | D:9      | 8408 ||| Stepping ~*~*~tactically~*~*~ (hiding).
  8409 | D:9      | 8409 ||| Stepping ~*~*~tactically~*~*~ (hiding).
  8501 | D:9      | Noticed a swamp dragon
  8518 | D:9      | 8518 ||| INVOKING Heroism.
  8521 | D:9      | Killed a swamp dragon
  8522 | D:9      | Reached skill level 6 in Invocations
  8560 | D:9      | Noticed a centaur warrior
  8564 | D:9      | 8564 ||| INVOKING Heroism.
  8571 | D:9      | Killed a centaur warrior
  8572 | D:9      | Reached skill level 9 in Fighting
  8756 | D:9      | 8756 ||| Stepping ~*~*~tactically~*~*~ (stealth).
  8773 | D:9      | 8773 ||| FLEEEEING.
  8774 | D:9      | 8774 ||| FLEEEEING.
  8805 | D:9      | 8805 ||| INVOKING Heroism.
  8849 | D:9      | 8849 ||| INVOKING Heroism.
  9119 | D:9      | 9119 ||| READING 3 scrolls of identify.
  9119 | D:9      | 9119 ||| IDENTIFYING blue potion
  9120 | D:9      | 9120 ||| READING 2 scrolls of identify.
  9120 | D:9      | 9120 ||| IDENTIFYING lumpy emerald potion
  9132 | D:10     | Entered Level 10 of the Dungeon
  9164 | D:10     | 9164 ||| INVOKING Heroism.
  9350 | D:10     | 9350 ||| Stepping ~*~*~tactically~*~*~ (stealth).
  9353 | D:10     | 9353 ||| Stepping ~*~*~tactically~*~*~ (hiding).
  9354 | D:10     | 9354 ||| Stepping ~*~*~tactically~*~*~ (hiding).
  9356 | D:10     | 9356 ||| Stepping ~*~*~tactically~*~*~ (hiding).
  9395 | D:10     | 9395 ||| Stepping ~*~*~tactically~*~*~ (stealth).
  9398 | D:10     | 9398 ||| Stepping ~*~*~tactically~*~*~ (hiding).
  9399 | D:10     | 9399 ||| Stepping ~*~*~tactically~*~*~ (hiding).
  9400 | D:10     | 9400 ||| Stepping ~*~*~tactically~*~*~ (hiding).
  9401 | D:10     | 9401 ||| Stepping ~*~*~tactically~*~*~ (hiding).
  9403 | D:10     | 9403 ||| Stepping ~*~*~tactically~*~*~ (hiding).
  9439 | D:10     | 9439 ||| INVOKING Heroism.
  9609 | D:10     | 9609 ||| Stepping ~*~*~tactically~*~*~ (hiding).
  9611 | D:10     | 9611 ||| Stepping ~*~*~tactically~*~*~ (hiding).
  9920 | D:10     | Noticed Snorg
  9921 | D:10     | 9921 ||| INVOKING Heroism.
  9934 | D:10     | HP: 9/71 [Snorg (9)]
  9935 | D:10     | Mangled by Snorg

Levels and vault maps discovered:
D:1:      giann_wishing_wells, layout_loops_ring, serial_shops, shop
D:2:      layout_loops_ring
D:3:      layout_loops_ring, serial_undead, serial_undead_c, serial_undead_c,
          serial_undead_d, serial_undead_c
D:4:      layout_loops_ring, uniq_menkaure
D:5:      layout_basic, minmay_temple_entry_purple_smoke,
          grunt_decor_mini_mirrors, kennysheep_generic_room_9
D:6:      layout_loops_ring, cheibriados_altar_1,
          chequers_temple_overflow_statue_of_worship, uniq_edmund, uniq_pikel
D:7:      layout_basic, lightli_temple_of_fire, kennysheep_mini_moat,
          dk_vineyard_3
D:8:      layout_cave_pools
D:9:      layout_loops_ring, nzn_random_ring, uniq_maurice
D:10:     layout_irregular_city, kennysheep_generic_room_14, uniq_snorg
Temple:   minmay_temple_bridge_d

Skill      XL: |  1  2  3  4  5  6  7  8  9 10 11 |
---------------+----------------------------------+-----
Axes           | 2 3 4 5 6 7 9 11 | 11.6
Fighting       | 4 5 7 8 9 |  9.0
Dodging        | 1 2 3 |  3.1
Invocations    | 2 4 6 |  6.7
Armour         | 4 5 6 |  6.0
Shields        | 4 5 |  5.0
Throwing       | 2 3 |  3.1

Action                     |  1- 3 |  4- 6 |  7- 9 | 10-12 || total
---------------------------+-------+-------+-------+-------++-------
  Melee: War axe           |   114 |    84 |   291 |   258 ||   747
  Throw: Javelin           |       |       |    10 |    38 ||    48
 Invoke: Heroism           |       |       |     6 |    12 ||    18
    Use: Scroll            |     7 |     4 |     7 |     4 ||    22
         Potion            |       |       |     4 |       ||     4
   Stab: Distracted        |       |     1 |       |       ||     1
 Armour: Scale mail        |    53 |    33 |       |       ||    86
         Chain mail        |       |    15 |   183 |   133 ||   331
  Dodge: Dodged            |    37 |    32 |   101 |   100 ||   270
  Block: Buckler           |    12 |    11 |    68 |    83 ||   174

Table legend:
 A = Non-vault XP
 B = Vault XP
 C = Vault XP percentage of total XP
 D = Non-vault monster count
 E = Vault monster count
 F = Vault count percentage of total count
                 A         B        C        D         E       F
            +---------+---------+-------+---------+---------+-------
      Total |    8377 |    5431 |  39.3 |     174 |      30 |  14.7
            +---------+---------+-------+---------+---------+-------
        D:1 |      20 |       0 |   0.0 |      11 |       0 |   0.0
        D:2 |      79 |       0 |   0.0 |      16 |       0 |   0.0
        D:3 |      66 |      41 |  38.3 |      16 |       6 |  27.3
        D:4 |     244 |     175 |  41.8 |      14 |       1 |   6.7
        D:5 |     383 |       8 |   2.0 |      13 |       1 |   7.1
        D:6 |     940 |     842 |  47.3 |      16 |       2 |  11.1
        D:7 |     851 |       0 |   0.0 |      20 |       0 |   0.0
        D:8 |    1342 |       0 |   0.0 |      16 |       0 |   0.0
        D:9 |    3749 |    4365 |  53.8 |      31 |      20 |  39.2
       D:10 |     703 |       0 |   0.0 |      21 |       0 |   0.0
            +---------+---------+-------+---------+---------+-------
